 Seeded DCSS version 0.30-a0-42-g806c11bf1d (webtiles) character file.

Game seed: 17246712331252751712 (custom seed)

250 wilfster70 the Chopper (level 6, 0/55 HPs)
             Began as a Hill Orc Monk on Aug 30, 2022.
             Was a Believer of Beogh.
             Killed from afar by an orc wizard (2 damage)
             ... with a magic dart
             ... on level 3 of the Dungeon.
             The game lasted 00:07:56 (2350 turns).

wilfster70 the Chopper (Hill Orc Monk)              Turns: 2350, Time: 00:07:57

Health: 0/55       AC:  6    Str: 16    XL:     6   Next: 13%
Magic:  7/7        EV: 11    Int: 10    God:    Beogh [**....]
Gold:   127        SH:  0    Dex: 13    Spells: 5/5 levels left

rFire   + . .      SeeInvis .    a - +0 war axe
rCold   . . .      Faith    +    (no shield)
rNeg    . . .      Spirit   .    o - +0 ring mail
rPois   .          Reflect  .    (no helmet)
rElec   .          Harm     .    (no cloak)
rCorr   .          Rampage  .    c - +0 pair of gloves of the Fiend {rF+ Regen+}
Will    .....                    (no boots)
Stlth   +.........               n - amulet of faith
HPRegen 0.98/turn                (no ring)
MPRegen 0.10/turn                (no ring)

@: lethally poisoned (0 -> -1)
A: no striking features
a: Renounce Religion, Smiting


You were on level 3 of the Dungeon.
You worshipped Beogh.
Beogh was pleased with you.
You visited 1 branch of the dungeon, and saw 3 of its levels.

You collected 127 gold pieces.

Inventory:

Hand Weapons
 a - a +0 war axe (weapon)
 s - a +0 sling of flaming
Armour
 c - the +0 pair of gloves of the Fiend (worn) {rF+ Regen+}
   (You acquired it on level 1 of the Dungeon)

   rF:        It protects you from fire.
   Regen:     It increases your rate of health regeneration.
 o - a +0 ring mail (worn)
 v - a +0 plate armour
Jewellery
 d - a ring of ice
 n - an amulet of faith (around neck)
Wands
 y - a wand of paralysis (7)
Scrolls
 g - 2 scrolls of teleportation {unknown}
 h - 4 scrolls of identify {unknown}
 i - a scroll of amnesia {unknown}
 j - 2 scrolls of poison {unknown}
 k - a scroll of blinking {unknown}
 l - 3 scrolls of fog {unknown}
 p - a scroll of enchant weapon {unknown}
 r - a scroll of fear {unknown}
 u - a scroll of noise {unknown}
Potions
 b - a potion of magic {unknown}
 e - 3 potions of lignification {unknown}
 f - a potion of cancellation {unknown}
 m - 5 potions of curing
 q - a potion of flight {unknown}
 t - a potion of invisibility {unknown}
 w - a potion of resistance {unknown}
 x - 2 potions of degeneration {unknown}


   Skills:
 + Level 4.8 Fighting
 * Level 6.5 Axes
 + Level 2.7 Armour
 - Level 2.4 Dodging
 - Level 1.5 Stealth
 + Level 2.5 Invocations


You had 5 spell levels left.
You didn't know any spells.
Your spell library contained the following spells:

 Spells                   Type           Power      Damage    Failure   Level
 Foxfire                  Conj/Fire      0%         2x1d4     56%         1
 Blink                    Tloc           0%         N/A       71%         2
 Conjure Flame            Conj/Fire      0%         6-21      91%         3
 Inner Flame              Hex/Fire       0%         N/A       91%         3
 Lesser Beckoning         Tloc           0%         N/A       91%         3
 Flame Wave               Conj/Fire      0%         2d4       100%        4
 Manifold Assault         Tloc           0%         N/A       100%        5


Dungeon Overview and Level Annotations

Branches:
Dungeon (3/15)

Altars:
Kikubaaqudgha
Sif Muna
Vehumet
Wu Jian


Message History

It was a potion of curing.
You feel better. The orc wizard barely misses you. Something hits you.
* * * LOW HITPOINT WARNING * * *
Something hits you but does no damage.
You barely miss the orc wizard.
The orc wizard is almost dead.
You miss something. You slash something!
The orc wizard hits you but does no damage.
You are poisoned.
Something hits you but does no damage. x2
You hit the orc wizard.
You kill the orc wizard!
Beogh accepts your kill.
You miss something. x2
You feel very sick.
Something hits you but does no damage. x2
You hit something. You miss something.
You feel sick. Something hits you.
* * * LOW HITPOINT WARNING * * *
Something hits you but does no damage.
You hit something but do no damage. You barely miss something.
You feel sick. Something hits you.
* * * LOW HITPOINT WARNING * * *
Something hits you but does no damage.
You hit something. You miss something.
You feel sick. Something hits you but does no damage. Something hits you.
* * * LOW HITPOINT WARNING * * *
Something hits you.
* * * LOW HITPOINT WARNING * * *
Something hits you.
* * * LOW HITPOINT WARNING * * *
You barely miss something. You slash something!
You feel sick. Something hits you but does no damage. Something hits you.
* * * LOW HITPOINT WARNING * * *
You hit something. You closely miss something.
You feel sick. Something hits you but does no damage.
You hear some strange, mumbled words.
A magic dart appears from out of thin air!
The magic dart hits you.
You die...
Beogh appreciates something's killing of a heretic priest.

#.#.##################
#.....................
#.#.###########....... #.#.#
#######.###### ##########.#.#
............## #........#.#.#
#####...###... #..<........####
#####...###.##
#........#.##.{#..#............
###........###..@{._###.(..###.##
...###.....##...)#..# #.|........
...# #.#.###.....#### #..........
...# #.#.###.⌠.⌠.#..# #.#.......)
...# #.#.#....⌠..')_# #.#......).
...# #.#.#.#.⌠.⌠.#..###........#.
.### #.#.#.#.....####.#........#.
.#####.....##....#..#............
.....)...#####...')_#......#...#.


There were no monsters in sight!

Vanquished Creatures
  5 orc wizards (D:3)
  5 adders
  2 river rats (D:3)
  A worm (D:3)
  2 dart slugs (D:3)
  5 orcs (D:3)
  4 ball pythons
  3 bats
  4 endoplasms
  5 giant cockroaches
  4 hobgoblins
  5 kobolds (D:1)
  3 quokkas
  A frilled lizard (D:2)
  3 goblins (D:1)
  4 rats (D:1)
56 creatures vanquished.

Vanquished Creatures (others)
  An orc (D:3)
1 creature vanquished.

Grand Total: 57 creatures vanquished

Notes
Turn   | Place    | Note
-------+----------+-------------------------------------------
     0 | D:1      | wilfster70 the Hill Orc Monk began the quest for the Orb.
     0 | D:1      | Reached XP level 1. HP: 19/19 MP: 1/1
   318 | D:1      | Reached XP level 2. HP: 15/27 MP: 2/2
   464 | D:1      | Identified a scroll of acquirement
   464 | D:1      | Acquired the +0 pair of gloves of the Fiend {rF+ Regen+}
   669 | D:1      | Reached skill level 1 in Armour
   880 | D:1      | Acquired an amulet of faith
  1147 | D:2      | Reached XP level 3. HP: 33/33 MP: 3/3
  1214 | D:2      | Found a faded altar of an unknown god.
  1364 | D:2      | Reached skill level 5 in Axes
  1542 | D:3      | Became a worshipper of Beogh the Brigand
  1542 | D:3      | Reached * piety under Beogh
  1542 | D:3      | Reached ** piety under Beogh
  1693 | D:3      | Found an ornate altar of the Wu Jian Council.
  1776 | D:3      | Reached XP level 4. HP: 40/40 MP: 4/4
  1804 | D:3      | Reached skill level 1 in Invocations
  1924 | D:3      | Reached XP level 5. HP: 40/47 MP: 4/6
  2001 | D:3      | Found a glowing drain.
  2101 | D:3      | Reached skill level 6 in Axes
  2299 | D:3      | Found a shimmering blue altar of Sif Muna.
  2315 | D:3      | Found an ancient bone altar of Kikubaaqudgha.
  2333 | D:3      | Found a radiant altar of Vehumet.
  2343 | D:3      | Reached XP level 6. HP: 8/53 MP: 7/7
  2349 | D:3      | HP: 2/55 [something (1)]
  2350 | D:3      | Killed from afar by an orc wizard

Illustrated notes

Levels and vault maps discovered:
D:1:      evilmike_arrival_plus, layout_rooms
D:2:      minmay_evil_eye, layout_loops_ring, ebering_ecumenical_altar_box
D:3:      layout_basic, palyth_temple_overflow_mages, nzn_wu_jian_contemplation,
          amethyst_overflow_temple_binary, portal_sewer_entry_c

Skill      XL: |  1  2  3  4  5 |
---------------+----------------+-----
Armour         | 1 2 |  2.7
Fighting       | 4 |  4.8
Axes           | 5 6 |  6.5
Invocations    | 1 2 |  2.5
Dodging        | |  2.4
Stealth        | |  1.5

Action                   |  1- 3 |  4- 6 || total
-------------------------+-------+-------++-------
Melee: Hand axe          |    81 |       ||    81
       War axe           |    37 |   110 ||   147
       Punch             |     2 |       ||     2
Invok: Convert to Beogh  |     1 |       ||     1
       Smiting           |       |     1 ||     1
  Use: Potion            |     1 |     1 ||     2
       Scroll            |     2 |       ||     2
 Stab: Sleeping          |     2 |       ||     2
Armor: Robe              |    12 |       ||    12
       Ring mail         |    14 |    59 ||    73
Dodge: Dodged            |    71 |    79 ||   150

Table legend: (Time is in decaauts)
 A = Elapsed time spent in this place.
 B = Non-inter-level travel time spent in this place.
 C = Inter-level travel time spent in this place.
 D = Time resting spent in this place.
 E = Time spent auto-exploring this place.
 F = Levels seen in this place.
 G = Mean time per level.
                   A        B        C        D        E       F      G
               +--------+--------+--------+--------+--------+-----+--------+
         Total |   2386 |   2366 |     20 |    407 |    796 |   3 |  795.3 |
       Dungeon |   2386 |   2366 |     20 |    407 |    796 |   3 |  795.3 |
               +--------+--------+--------+--------+--------+-----+--------+

Top non-repeatable levels by time:
     D:1: 924 daAuts
     D:3: 871 daAuts
     D:2: 591 daAuts
